 Dungeon Crawl Stone Soup version 0.29.1-13-g9f3cf754e1 (console) character file.

Game seed: 297614168211778369

4183 Mafin the Thaumaturge (level 10, -2/61 HPs)
             Began as a Djinni Air Elementalist on Feb 11, 2023.
             Was an Elder of Elyvilon.
             Killed by their own static electricity (6 damage)
             ... on level 7 of the Dungeon.
             The game lasted 01:06:00 (10324 turns).

Mafin the Thaumaturge (Djinni Air Elementalist)    Turns: 10324, Time: 01:06:30

Health: -2/61      AC:  8    Str:  7    XL:     10   Next: 53%
Gold:   121        EV: 13    Int: 21    God:    Elyvilon [****..] SH:  0 Dex: 17

rFire   + + +      SeeInvis .   D - +6 spear "Ocveria" {protect, rF+ Dex+3}
rCold   x . .      Faith    .   (no shield)
rNeg    . . .      Spirit   .   a - +0 robe
rPois   ∞          Reflect  .   (no helmet)
rElec   .          Harm     .   w - +1 cloak
rCorr   .          Rampage  +   (no gloves)
Will    +++..                   (boots unavailable)
Stlth   ++........              C - amulet of Ybbok {Acrobat Rampage Will++}
HPRegen 0.20/turn               j - +4 ring of protection
MPRegen 0.00/turn               (no ring)

@: flying
A: sickness immunity, fire resistance 2, cold vulnerability 1, float, innate
caster, HP casting, extra vitality 1
a: Renounce Religion, Purification, Heal Other, Heal Self


You were on level 7 of the Dungeon.
You worshipped Elyvilon.
Elyvilon was greatly pleased with you.
You visited 2 branches of the dungeon, and saw 8 of its levels.
You also visited: Ossuary.

You collected 361 gold pieces.
You spent 240 gold pieces at shops.

Inventory:

Hand Weapons
 y - a +2 whip of flaming
 D - the +6 spear "Ocveria" (weapon) {protect, rF+ Dex+3}
   (You found it on level 7 of the Dungeon)

   It grants its wielder temporary protection when it strikes (+7 to AC).
   Dex:       It affects your dexterity (+3).
   rF:        It protects you from fire.
Armour
 a - a +0 robe (worn)
 w - a +1 cloak (worn)
Jewellery
 j - a +4 ring of protection (left hand)
 C - the amulet of Ybbok (around neck) {Acrobat Rampage Will++}
   (You found it on level 7 of the Dungeon)

   [amulet of the acrobat]

   It increases your evasion while moving and waiting.
   Rampage:   It bestows one free step when moving towards enemies.
   Will:      It greatly increases your willpower.
Wands
 q - a wand of flame (51)
 u - a wand of mindburst (5)
 v - a wand of charming (20)
 z - a wand of polymorph (10)
Scrolls
 b - 2 scrolls of torment {unknown}
 d - a scroll of amnesia {unknown}
 f - 5 scrolls of identify
 i - 3 scrolls of fear
 k - 2 scrolls of poison
 m - 2 scrolls of fog {unknown}
 o - 2 scrolls of summoning {unknown}
 p - 2 scrolls of noise {unknown}
 r - 2 scrolls of enchant weapon {unknown}
 t - 2 scrolls of teleportation {unknown}
 A - a scroll of blinking {unknown}
 B - a scroll of vulnerability {unknown}
Potions
 c - a potion of resistance {unknown}
 e - 2 potions of brilliance
 g - a potion of mutation {unknown}
 h - a potion of curing
 l - a potion of cancellation {unknown}
 n - 4 potions of might
 s - 2 potions of flight {unknown}
 x - a potion of lignification {unknown}


   Skills:
 - Level 0.6 Fighting
 + Level 3.5 Dodging
 - Level 3.0 Stealth
 + Level 11.0 Spellcasting
 * Level 2.2 Evocations


You had 12 spell levels left.
You knew the following spells:

 Your Spells              Type           Power      Damage    Failure   Level
a - Shock                 Conj/Air       100%       1d9       1%          1
b - Static Discharge      Conj/Air       55%        3-10/arc  1%          2
c - Swiftness             Air            55%        N/A       1%          3
d - Airstrike             Air            27%        2d(4-20)  1%          4
e - Freeze                Ice            100%       1d11      1%          1
f - Poisonous Vapours     Pois/Air       100%       N/A       1%          2
g - Searing Ray           Conj           100%       2d8       1%          2
h - Summon Ice Beast      Ice/Summ       55%        N/A       1%          4
Your spell library was empty.

Dungeon Overview and Level Annotations

Branches:
Dungeon (7/15)             Temple (1/1) D:4         Ossuary (visited)

Altars:
Ashenzari
Cheibriados
Dithmenos
Elyvilon
Fedhas
Makhleb
Okawaru
Uskayaw
Xom
Zin
The Shining One

Shops:
D:5 *

Annotations:
D:4 1 runed translucent door, Crazy Yiuf, Grinder
D:6 exclusion: yak


Innate Abilities, Weirdness & Mutations

You are immune to sickness and miasma.
You are immune to poison.
Your flesh is very heat resistant. (rF++)
You are vulnerable to cold. (rC-)
You float through the air rather than walking.
You learn spells naturally, not from books.
Your magical power is your life essence.
You have superior vitality. (+4 MHP)


Message History

Aiming: Airstrike (dangerous; 1% risk of failure)
Press: ? - help, Dir - move target, f - centaur
Aim: a centaur (moderately wounded, empty space bonus: 0/8)
The air twists around and strikes the centaur.
The centaur is moderately wounded.
The vampire barely misses you. x2
Casting: Airstrike (dangerous; 1% risk of failure)
Confirm with . or Enter, or press ? or * to list all spells.
Aiming: Airstrike (dangerous; 1% risk of failure)
Press: ? - help, Dir - move target, f/p - centaur
Aim: a centaur (moderately wounded, empty space bonus: 0/8)
The air twists around and strikes the centaur but does no damage.
The vampire hits you. The vampire bites you.
Casting: Airstrike (dangerous; 1% risk of failure)
Confirm with . or Enter, or press ? or * to list all spells.
Aiming: Airstrike (dangerous; 1% risk of failure)
Press: ? - help, Dir - move target, f/p - centaur
Aim: a centaur (moderately wounded, empty space bonus: 0/8)
The air twists around and strikes the centaur.
The centaur is severely wounded.
The vampire closely misses you. The vampire bites you.
* * * LOW HITPOINT WARNING * * *
The vampire attacks as you move away! The vampire hits you!
* * * LOW HITPOINT WARNING * * *
The vampire barely misses you.
You hear the loud creaking of a portcullis nearby.
You feel better. The vampire hits you.
* * * LOW HITPOINT WARNING * * *
The vampire bites you! Elyvilon protects you from harm!
Casting: Airstrike (dangerous; 1% risk of failure)
Confirm with . or Enter, or press ? or * to list all spells.
The centaur is struck by an arc of lightning.
The centaur is almost dead.
The hound is struck by an arc of lightning.
The hound is moderately wounded.
The centaur is struck by an arc of lightning.
You kill the centaur!
You are struck by an arc of lightning.
You die...

♣ #....#. P #...###
#♣~ #....## ##+##~♣
#.#.... #..
#~♣♣♣♣#...... #..
#~♣♣~♣#...#..
#Y###~P~≈~....#.#
#'#...~P~.....#.#
##h#.#♣♣♣~♣.......
#V)#.#♣P~♣♣#.#....
#@.#.#♣~P♣ #......
##'##.#[♣♣♣ #......
#..)).#♣~P♣♣#......
#.♣♣♣.#♣P~≈≈#......
#.....#♣♣.♣♣#.....#
####### ### #.##...


You could see a vampire, an ice beast and a hound.

Vanquished Creatures
  A two-headed ogre (D:6)
  Pikel (D:5)
  A gargoyle (D:6)
  Maggie (D:7)
  A yak (D:6)
  Eustachio (D:6)
  Edmund (D:4)
  A steam dragon (D:7)
  3 ice beasts
  2 sky beasts
  A black bear (D:4)
  4 centaurs
  An ogre (D:6)
  2 lemures (D:5)
  A phantom (D:7)
  A kobold brigand (D:7)
  A scorpion (D:6)
  A wight (D:7)
  2 necrophages (D:6)
  A howler monkey (D:6)
  3 orc priests
  A gnoll bouda (D:6)
  2 hounds
  Ijyb (D:4)
  3 iguanas
  3 orc wizards
  2 mummies (Ossuary)
  5 adders
  11 gnolls
  2 ufetubi
  2 adder zombies (Ossuary)
  2 worms (D:2)
  22 orcs
  6 bats
  5 endoplasms
  6 giant cockroaches
  4 goblins
  5 hobgoblins
  3 quokkas
  5 ball pythons
  2 frilled lizards (D:3)
  6 kobolds
  A quokka zombie (Ossuary)
  5 rats
135 creatures vanquished.

Vanquished Creatures (collateral kills)
  A necrophage (D:6)
  A hound (D:6)
2 creatures vanquished.

Vanquished Creatures (others)
  A sky beast (D:7)
  A gnoll bouda (D:6)
2 creatures vanquished.

Grand Total: 139 creatures vanquished

Notes
Turn   | Place    | Note
-------+----------+-------------------------------------------
     0 | D:1      | Mafin the Djinni Air Elementalist began the quest for the
                  | Orb.
     0 | D:1      | Mafin set off with the following spells memorised: Shock,
                  | Static Discharge, Swiftness, Airstrike.
     0 | D:1      | Reached XP level 1. HP: 15/15 MP: 0/0
     4 | D:1      | Found a faded altar of an unknown god.
   295 | D:1      | Reached XP level 2. HP: 20/21 MP: 0/0
   800 | D:1      | Reached skill level 3 in Spellcasting
  1007 | D:1      | Reached XP level 3. HP: 23/25 MP: 0/0
  1007 | D:1      | Learned a level 1 spell: Freeze
  1568 | D:2      | Reached XP level 4. HP: 28/31 MP: 0/0
  1652 | D:2      | Found a white marble altar of Elyvilon.
  2478 | D:2      | Became a worshipper of Elyvilon the Healer
  2695 | D:3      | Reached * piety under Elyvilon
  2720 | D:3      | Found a burning altar of Makhleb.
  3305 | D:3      | Reached XP level 5. HP: 32/35 MP: 0/0
  3305 | D:3      | Learned a level 2 spell: Poisonous Vapours
  3465 | D:3      | Reached skill level 4 in Spellcasting
  3980 | D:4      | Found a white marble altar of Elyvilon.
  3980 | D:4      | Found a snail-covered altar of Cheibriados.
  3980 | D:4      | Found a shadowy altar of Dithmenos.
  3988 | D:4      | Noticed a black bear
  3993 | D:4      | Killed a black bear
  3994 | D:4      | Reached XP level 6. HP: 24/40 MP: 0/0
  4396 | D:4      | Noticed Ijyb
  4398 | D:4      | Killed Ijyb
  4530 | D:4      | Noticed Edmund
  4534 | D:4      | Killed Edmund
  4535 | D:4      | Reached skill level 5 in Spellcasting
  4535 | D:4      | Reached XP level 7. HP: 24/45 MP: 0/0
  4535 | D:4      | Learned a level 2 spell: Searing Ray
  4695 | D:4      | Found a runed translucent door.
  4696 | D:4      | Noticed Crazy Yiuf
  4777 | D:4      | Found a staircase to the Ecumenical Temple.
  5214 | Temple   | Entered the Ecumenical Temple
  5239 | D:5      | Entered Level 5 of the Dungeon
  5239 | D:5      | Noticed Pikel
  5239 | D:5      | Noticed Grinder
  5266 | D:4      | Paralysed by Grinder for 2 turns
  5274 | D:4      | Paralysed by Grinder for 5 turns
  5631 | D:5      | Found a sand-covered staircase.
  5641 | Ossuary  | Entered an ossuary
  5650 | Ossuary  | Reached ** piety under Elyvilon
  6008 | D:5      | Killed Pikel
  6009 | D:5      | Reached skill level 6 in Spellcasting
  6009 | D:5      | Reached XP level 8. HP: 20/51 MP: 0/0
  6605 | D:5      | Found Oritraurch's Assorted Antiques.
  6609 | D:5      | Bought a bone wand for 120 gold pieces
  6609 | D:5      | Bought a tapered bronze wand for 120 gold pieces
  6717 | D:5      | Found a broken altar of Ashenzari.
  6975 | D:6      | Noticed a yak
  6975 | D:6      | Found a shimmering altar of Xom.
  7063 | D:6      | Reached skill level 7 in Spellcasting
  7273 | D:6      | Reached XP level 9. HP: 13/56 MP: 0/0
  7273 | D:6      | Learned a level 4 spell: Summon Ice Beast
  7289 | D:6      | Reached skill level 8 in Spellcasting
  7999 | D:6      | Reached *** piety under Elyvilon
  8136 | D:6      | Noticed Eustachio
  8141 | D:6      | Reached skill level 9 in Spellcasting
  8144 | D:6      | HP: 1/56 [/static electricity (3)]
  8146 | D:6      | Elyvilon protects you from harm!
  8148 | D:6      | Killed Eustachio
  8926 | D:6      | Noticed a two-headed ogre
  8936 | D:6      | Killed a two-headed ogre
  8937 | D:6      | Reached skill level 10 in Spellcasting
  8937 | D:6      | Reached XP level 10. HP: 41/61 MP: 0/0
  9071 | D:6      | Noticed a gargoyle
  9084 | D:6      | Killed a gargoyle
  9724 | D:7      | Identified the amulet of Ybbok {Acrobat Rampage Will++}
  9756 | D:7      | Reached skill level 1 in Evocations
  9889 | D:7      | Noticed Maggie
  9893 | D:7      | Killed Maggie
 10028 | D:7      | Reached **** piety under Elyvilon
 10163 | D:7      | Identified the +6 spear "Ocveria" {protect, rF+ Dex+3}
 10183 | D:7      | Reached skill level 11 in Spellcasting
 10323 | D:7      | Elyvilon protects you from harm!
 10324 | D:7      | Killed from afar by themself

Illustrated notes

Levels and vault maps discovered:
D:1:      ebering_trefoil_3fold, layout_basic,
          hellmonk_ecumenical_altar_arch_garden
D:2:      layout_loops_corners, basic_altar, corexii_item_surrounded_by_moat
D:3:      layout_basic, grunt_temple_overflow_magic_moments, old_standard_altar,
          gup_sewer_entry_bowl
D:4:      layout_basic, chequers_temple_overflow_statue_of_worship,
          minmay_temple_entry_purple_smoke, serial_corexii_hall,
          chequers_hall_statues_corner_a, corexii_hall_statues_deadend,
          uniq_ijyb, uniq_crazy_yiuf_cottage, uniq_edmund
D:5:      layout_loops_ring, mainiacjoe_overflow_alcove_4, serial_shops,
          nicolae_shop_trees, lightli_ossuary_entry_decrepit_ruins, uniq_pikel,
          uniq_grinder
D:6:      layout_gridville, xom_confusion_cloud, minivault_22,
          minmay_three_doors, uniq_eustachio
D:7:      nzn_winding_woodlands_small [nzn_winding_woodlands_5x15_lazy_stream,
          nzn_winding_woodlands_center_lodge,
          nzn_winding_woodlands_5x15_pathside_ponds], layout_cave_pools,
          enter_bailey_5, uniq_maggie
Temple:   cyrus_circular_temple

Skill      XL: |  1  2  3  4  5  6  7  8  9 10 |
---------------+-------------------------------+-----
Spellcasting   | 3 4 5 6 7 10 11 | 11.0
Stealth        | 2 3 |  3.0
Dodging        | 3 |  3.5
Evocations     | 2 |  2.2
Fighting       | |  0.6

Action                   |  1- 3 |  4- 6 |  7- 9 | 10-12 || total
-------------------------+-------+-------+-------+-------++-------
 Cast: Shock             |    51 |    69 |    60 |     1 ||   181
       Airstrike         |       |    10 |    59 |    40 ||   109
       Static Discharge  |       |       |     9 |       ||     9
       Freeze            |       |       |     6 |     9 ||    15
       Searing Ray       |       |       |     2 |       ||     2
       Summon Ice Beast  |       |       |     4 |       ||     4
Evoke: Wand              |       |       |       |     2 ||     2
  Use: Scroll            |       |       |     5 |       ||     5
       Potion            |       |       |     2 |     1 ||     3
Armor: Robe              |     1 |     1 |     6 |     7 ||    15
Dodge: Dodged            |    10 |     5 |    29 |    15 ||    59
